 Dungeon Crawl Stone Soup version 0.19.5 (webtiles) character file.

116 Azzok the Skirmisher (level 4, -6/41 HPs)
             Began as a Minotaur Fighter on July 17, 2017.
             Mangled by an orc
             ... wielding a +0 flail
              (7 damage)
             ... on level 3 of the Dungeon on July 18, 2017.
             The game lasted 00:05:06 (1545 turns).

Azzok the Skirmisher (Minotaur Fighter)             Turns: 1545, Time: 00:05:07

Health: -6/41      AC:  7    Str: 20    XL:     4   Next: 69%
Magic:  3/3        EV:  7    Int:  5    God:
Gold:   81         SH:  9    Dex: 11    Spells: 0 memorised, 3 levels left

rFire  . . .     SeeInvis .     a - +0 long sword
rCold  . . .     Gourm    .     b - +0 scale mail
rNeg   . . .     Faith    .     c - +0 shield
rPois  .         Spirit   .     (helmet restricted)
rElec  .         Reflect  .     (no cloak)
rCorr  .         Harm     .     (no gloves)
MR     .....                    (no boots)
Stlth  ..........               (no amulet)
                                (no ring)
                                (no ring)

@: no status effects
A: retaliatory headbutt, horns 2
a: no special abilities


You were on level 3 of the Dungeon.
You were not hungry.

You visited 1 branch of the dungeon, and saw 3 of its levels.

You collected 81 gold pieces.

Inventory:

Hand Weapons
 a - a +0 long sword (weapon)
Missiles
 m - 21 arrows
Armour
 b - a +0 scale mail (worn)
 c - a +0 shield (worn)
Scrolls
 k - a scroll of identify
 l - a scroll of noise {unknown}
 n - a scroll of blinking {unknown}
 o - a scroll of fear {unknown}
Potions
 d - a potion of might
 e - a potion of mutation {unknown}
 i - 3 potions of curing {unknown}
Comestibles
 f - 2 bread rations {@e1}
 g - 2 chunks of flesh {@w0}
 h - 2 beef jerkies
 j - 2 meat rations {@e2}


   Skills:
 + Level 4.7 Fighting
 + Level 3.4 Long Blades
 + Level 4.5 Armour
 + Level 4.4 Shields


You had 3 spell levels left.
You didn't know any spells.

Dungeon Overview and Level Annotations

Branches:
Dungeon (3/15)

Altars:


Innate Abilities, Weirdness & Mutations

You reflexively headbutt those who attack you in melee.
You have a pair of horns on your head.


Message History

You kill the orc!
You closely miss the orc.
The orc priest shouts!
You headbutt the orc.
The orc is heavily wounded.
The orc priest calls down the wrath of Beogh upon you.
Pain shoots through your body!
* * * LOW HITPOINT WARNING * * *
You take 3 damage, and have 2/41 hp.
The orc wizard mumbles some strange words.
The orc wizard seems to speed up.
The orc hits you with a flail.
* * * LOW HITPOINT WARNING * * *
The orc priest hits you but does no damage.
There is an open door here.
Items here: )) †† a war axe; a dagger; an orc corpse x2
You take 1 damage, and have 1/41 hp.
Your shield prevents you from hitting the orc priest.
The orc hits you with a flail!
You die...

▒▒·▒▒ ▒······ ▒···▒·▒ ▒ ▒·▒
▒▒▒▒·▒▒ ▒···▒·▒·▒ ▒·▒ ▒···
▒▒▒···▒·▒·▒ ▒▒╬▒▒ ▒▒▒▒ ▒·········
▒▒···▒▒ ▒·▒▒····▒▒ ▒▒·····▒▒ ▒▒▒
▒·▒ ▒··▒·▒▒ ▒▒·······▒▒ ▒▒·▒
▒▒▒▒·▒▒▒·····▒▒▒▒·········▒▒▒▒···
·o··········oooo@·········╬····▒▒
·▒▒▒·▒▒▒·····▒▒▒▒o········▒▒▒·▒▒
·▒ ▒·▒ ▒··▒·▒▒ ▒▒·······▒▒ ▒·▒ ·▒
▒·▒▒▒··▒▒▒ ▒▒·····▒▒ ▒·▒▒ ·▒
▒······▒ ▒▒(··▒▒ ▒▒·▒▒ ▒▒
▒▒▒▒▒·▒▒ ▒▒'▒▒ ▒▒·· ▒·▒ ▒·▒ ▒▒·
▒·▒ ▒·▒ ▒· ▒·▒ ▒▒·▒▒ ▒·


You could see 2 orc priests, an orc wizard and 2 orcs.

Vanquished Creatures
  An orc priest (D:3)
  3 adders (D:2)
  An ooze (D:1)
  A worm (D:3)
  3 dart slugs
  3 orcs (D:3)
  5 bats
  2 giant cockroaches (D:1)
  3 goblins
  4 hobgoblins
  6 kobolds
  A quokka (D:2)
  2 ball pythons
  2 frilled lizards (D:1)
  12 rats
49 creatures vanquished.

Notes
Turn   | Place    | Note
-------+----------+-------------------------------------------
     0 | D:1      | Azzok the Minotaur Fighter began the quest for the Orb.
     0 | D:1      | Reached XP level 1. HP: 19/19 MP: 0/0
   109 | D:1      | Reached XP level 2. HP: 27/27 MP: 1/1
   476 | D:1      | Reached XP level 3. HP: 30/33 MP: 2/2
  1197 | D:2      | Reached XP level 4. HP: 34/41 MP: 3/3
  1543 | D:3      | HP: 2/41 [orc priest/nerve-wracking pain (3)]
  1545 | D:3      | Mangled by an orc

Skill      XL: |  1  2  3 |
---------------+----------+-----
Fighting       | 4 |  4.7
Armour         | 4 |  4.5
Shields        | 4 |  4.4
Long Blades    | 3 |  3.4

Action                   |  1- 3 |  4- 6 || total
-------------------------+-------+-------++-------
Melee: Long sword        |    93 |    22 ||   115
       Headbutt          |    10 |     8 ||    18
  Use: Scroll            |     2 |       ||     2
  Eat: Chunk             |     1 |     1 ||     2
Armor: Scale mail        |    42 |     5 ||    47
Dodge: Dodged            |    33 |     2 ||    35
Block: Shield            |    49 |     5 ||    54
       Rpst.: Long sword |    10 |     1 ||    11
